 Dungeon Crawl Stone Soup version 0.19-a0-1111-gcceb26a (webtiles) character file.

14368 Ijustatesigmund the Fighter (level 11, -15/95 HPs)
             Began as a Demonspawn Berserker on Aug 11, 2016.
             Was a High Priest of Trog.
             Demolished by an orc warrior
             ... wielding a +0 glaive
             ... led by an orc warlord
              (22 damage)
             ... on level 1 of the Orcish Mines.
             The game lasted 00:37:02 (12189 turns).

Ijustatesigmund the Fighter (Demonspawn Berserker) Turns: 12189, Time: 00:37:03

Health: -15/95     AC: 15    Str: 22    XL:     11   Next: 87%
Magic:  0/11       EV: 16    Int:  8    God:    Trog [*****.]
Gold:   812        SH:  0    Dex: 18    Spells: 0 memorised, 10 levels left

rFire  + + .     SeeInvis .     B - +2 battleaxe (elec)
rCold  + . .     Gourm    .     j - +0 ring mail of Philately {rF++ rCorr Str+4 Dex+4} (curse)
rNeg   . . .     Faith    .     (shield currently unavailable)
rPois  .         Spirit   +     (helmet restricted)
rElec  .         Dismiss  .     l - +2 cloak
rCorr  +         Reflect  .     (no gloves)
SustAt .         Harm     .     (no boots)
MR     .....                    (no amulet)
Stlth  ..........               (no ring)
                                n - +2 ring of evasion

@: confused, exhausted, slowed, very slow
A: antennae 2, rough black scales 2, cold resistance 1, evolution 1, magic
shield
a: Berserk, Trog's Hand, Brothers in Arms, Burn Spellbooks, Renounce Religion


You were on level 1 of the Orcish Mines.
You worshipped Trog.
Trog was extremely pleased with you.
You were hungry.

You visited 2 branches of the dungeon, and saw 14 of its levels.
You also visited: Bailey.

You collected 952 gold pieces.
You spent 140 gold pieces at shops.

Inventory:

Hand Weapons
 e - a +1 hand axe of flaming
 q - a +3 hand axe of freezing
 r - a +0 broad axe of freezing
 z - a +4 antimagic battleaxe
 B - a +2 battleaxe of electrocution (weapon)
Missiles
 s - 21 tomahawks of returning (quivered)
Armour
 j - the cursed +0 ring mail of Philately (worn) {rF++ rCorr Str+4 Dex+4}
   (You found it on level 7 of the Dungeon)

   It affects your strength (+4).
   It affects your dexterity (+4).
   It greatly protects you from fire.
   It protects you from acid and corrosion.
   It has a curse placed upon it.
 l - a +2 cloak (worn)
 H - a cursed +0 scale mail
Jewellery
 n - a +2 ring of evasion (left hand)
 D - a cursed amulet of inaccuracy {unknown}
Wands
 a - a wand of lightning (5/15)
 g - a wand of digging (12/24)
 h - a wand of lightning (9/15)
 k - a wand of disintegration (15/24)
 y - a wand of lightning (11/15)
 G - a wand of confusion (24/48)
Scrolls
 b - a scroll of enchant armour
 i - 2 scrolls of blinking
 m - a scroll of fog
 p - 2 scrolls of brand weapon
 v - a scroll of vulnerability
 w - 3 scrolls of magic mapping
 A - 5 scrolls of remove curse
Potions
 d - 3 potions of curing
 u - a potion of lignification
 E - a potion of brilliance
 F - a potion of flight
Comestibles
 c - 13 bread rations
 f - 12 meat rations
 o - a slice of pizza
 C - 4 beef jerkies


   Skills:
 + Level 12.0 Fighting
 + Level 11.5 Axes
 + Level 7.8 Armour
 - Level 4.1 Dodging


You had 10 spell levels left.
You didn't know any spells.

Dungeon Overview and Level Annotations

Branches:
Dungeon (13/15)            Temple (0/1) D:7            Lair (0/6) D:10
    Orc (1/2) D:9
 Vaults: D:13-14

Altars:
Dithmenos
Elyvilon
Fedhas
Gozag
Hepliaklqana
Nemelex Xobeh
Pakellas
Trog
Uskayaw
Xom
Yredelemnul
The Shining One

Shops:
D:7 =


Innate Abilities, Weirdness & Mutations

You have a pair of antennae on your head.
You are mostly covered in rough black scales. (AC +5, Dex -2)
When hurt, damage is shared between your health and your magic reserves.
Your flesh is cold resistant. (rC+)
You evolve.


Message History

* * * LOW HITPOINT WARNING * * *
You feel a strong urge to attack something.
You are no longer berserk.
You are exhausted.
You feel yourself slow down.
You are feeling hungry.
The orc warrior throws a tomahawk.
The tomahawk closely misses you. The orc wizard closely misses you.
There is a staircase back to the Dungeon here.
You feel better.
The orc warrior no longer looks unusually strong.
The orc wizard no longer looks unusually strong.
The orc warlord roars a battlecry!
The orcs go into a battle-frenzy!
The orc warlord hits you with an enchanted great mace!!
* * * LOW HITPOINT WARNING * * *
The orc wizard casts a spell at you.
You are confused.
The orc warrior hits you from afar with a glaive!!
You die...

.....###.....
......#.....
...........
#.......#{
#.......#
##.....###
###........##
..##..))).o..(.##
......)†.oo@....#
......)).o.......#
.........#........#
......#####........
...... #.......#
...... .......##
..##. ......## ..
#. .....##


You could see an orc warlord, an orc warrior and 2 orc wizards.

Vanquished Creatures
  A tengu warrior (D:12)
  A hill giant (D:12)
  An orc knight (Bailey)
  2 ugly things (D:12)
  A cyclops (D:10)
  2 gargoyles (D:12)
  A tengu conjurer (D:12)
  4 trolls
  A two-headed ogre (D:12)
  Sigmund (D:4)
  A spriggan (D:8)
  2 wraiths
  4 yaks (D:12)
  4 hippogriffs
  Menkaure (D:7)
  A hungry ghost (D:11)
  A warg (Orc:1)
  A mottled dragon (D:12)
  A swamp drake (D:9)
  7 ice beasts
  3 sky beasts
  15 orc warriors
  4 black bears
  A necrophage (D:10)
  5 phantoms
  4 ogres
  12 centaurs
  A big kobold (D:12)
  7 giant frogs
  A water moccasin zombie (D:8)
  3 scorpions
  A wyvern skeleton (D:6)
  6 killer bees (D:10)
  5 wights (D:6)
  7 howler monkeys
  4 crimson imps
  A centaur zombie (D:5)
  2 hounds
  A jelly (D:6)
  5 orc priests
  Crazy Yiuf (D:5)
  A centaur skeleton (D:4)
  10 orc wizards
  2 giant frog skeletons
  3 iguanas
  5 worker ants
  A hound skeleton (D:7)
  10 gnolls
  A howler monkey skeleton (D:6)
  16 adders
  4 river rats (D:10)
  5 shadow imps
  3 oozes
  4 adder skeletons
  2 worms (D:6)
  5 dart slugs
  4 giant geckos
  48 orcs
  4 ball pythons
  15 bats
  7 giant cockroaches
  12 goblins
  4 hobgoblins
  12 jackals
  5 quokkas
  A giant gecko skeleton (D:5)
  5 giant newts
  21 kobolds
  18 rats
  5 fungi (D:10)
  A plant (D:10)
361 creatures vanquished.

Vanquished Creatures (collateral kills)
  A centaur (D:12)
1 creature vanquished.

Vanquished Creatures (others)
  An orc (D:9)
  2 fungi (D:10)
3 creatures vanquished.

Grand Total: 365 creatures vanquished

Notes
Turn   | Place    | Note
-------+----------+-------------------------------------------
     0 | D:1      | Ijustatesigmund the Demonspawn Berserker began the quest for the Orb.
     0 | D:1      | Reached XP level 1. HP: 18/18 MP: 1/1
   137 | D:1      | Gained mutation: You are partially covered in rough black scales. (AC +2, Dex -1) [demonic ancestry]
   137 | D:1      | Reached XP level 2. HP: 5/24 MP: 2/2
   996 | D:2      | Found a faded altar of an unknown god.
  1013 | D:2      | Gained mutation: You have a pair of small antennae on your head. [demonic ancestry]
  1013 | D:2      | Reached XP level 3. HP: 19/29 MP: 3/3
  1086 | D:2      | Reached ** piety under Trog
  1363 | D:2      | Gained mutation: You are dopey. (Int -2) [potion of mutation]
  1363 | D:2      | Gained mutation: You tend to lose your temper in combat. [potion of mutation]
  1364 | D:2      | Lost mutation: You are dopey. (Int -2) [potion of cure mutation]
  1364 | D:2      | Lost mutation: You tend to lose your temper in combat. [potion of cure mutation]
  1546 | D:2      | Gained mutation: When hurt, damage is shared between your health and your magic reserves. [demonic ancestry]
  1546 | D:2      | Reached XP level 4. HP: 23/35 MP: 4/4
  1777 | D:2      | Found a basalt altar of Yredelemnul.
  2007 | D:3      | Found a shimmering altar of Xom.
  2007 | D:3      | Found a blossoming altar of Fedhas.
  2151 | D:3      | Found a white marble altar of Elyvilon.
  2434 | D:3      | Reached *** piety under Trog
  2729 | D:4      | Noticed a phantom
  2734 | D:4      | Noticed Sigmund
  2743 | D:4      | Reached skill level 4 in Fighting
  2743 | D:4      | Reached skill level 5 in Axes
  2743 | D:4      | Gained mutation: You are mostly covered in rough black scales. (AC +5, Dex -2) [demonic ancestry]
  2743 | D:4      | Reached XP level 5. HP: 30/42 MP: 1/5
  2747 | D:4      | Killed Sigmund
  2747 | D:4      | Reached XP level 6. HP: 25/49 MP: 1/6
  3023 | D:4      | Found an oddly glowing altar of Pakellas.
  3106 | D:4      | Found a shadowy altar of Dithmenos.
  3185 | D:4      | Gained mutation: You have a pair of antennae on your head. [demonic ancestry]
  3185 | D:4      | Reached XP level 7. HP: 50/55 MP: 5/7
  3233 | D:4      | Found a glowing golden altar of the Shining One.
  3328 | D:4      | Reached skill level 5 in Fighting
  3450 | D:4      | Found a sparkling altar of Nemelex Xobeh.
  3659 | D:5      | Entered Level 5 of the Dungeon
  4233 | D:5      | Reached **** piety under Trog
  4569 | D:5      | Found a runed door.
  4573 | D:5      | Noticed Crazy Yiuf
  4578 | D:5      | Killed Crazy Yiuf
  4578 | D:5      | Reached XP level 8. HP: 64/64 MP: 6/8
  4705 | D:6      | Reached skill level 6 in Fighting
  5113 | D:6      | Reached skill level 7 in Fighting
  5183 | D:6      | Found a hazy altar of Hepliaklqana.
  5742 | D:6      | Reached skill level 8 in Fighting
  5742 | D:6      | Reached XP level 9. HP: 74/74 MP: 9/9
  5929 | D:7      | Noticed Menkaure
  5940 | D:7      | Killed Menkaure
  5944 | D:7      | Got a bloodstained ring mail
  5955 | D:7      | Identified the cursed +0 ring mail of Philately {rF++ rCorr Str+4 Dex+4} (You found it on level 7 of the Dungeon)
  6038 | D:7      | Found Wazxekua's Jewellery Shop.
  6038 | D:7      | Found a flagged portal.
  6072 | D:7      | Bought a +2 ring of evasion for 140 gold pieces
  6081 | Bailey   | Entered a bailey
  6350 | Bailey   | Noticed an orc knight
  6368 | Bailey   | Killed an orc knight
  6368 | Bailey   | Reached skill level 9 in Fighting
  6369 | Bailey   | Found a burning altar of Makhleb.
  6630 | D:7      | Found a staircase to the Ecumenical Temple.
  6805 | D:7      | Found an opulent altar of Gozag.
  7328 | D:8      | Reached ***** piety under Trog
  7334 | D:8      | Found a hide-covered altar of Uskayaw.
  7441 | D:8      | Reached XP level 10. HP: 68/84 MP: 8/10
  7561 | D:8      | Found an oddly glowing altar of Pakellas.
  7932 | D:9      | Found a bloodstained altar of Trog.
  8187 | D:9      | Reached skill level 10 in Fighting
  8191 | D:9      | Found a staircase to the Orcish Mines.
  8834 | D:9      | Reached skill level 10 in Axes
  8930 | D:10     | Entered Level 10 of the Dungeon
  8964 | D:10     | Reached skill level 5 in Armour
  9284 | D:10     | Received a gift from Trog
  9593 | D:10     | Noticed a cyclops
  9603 | D:10     | Killed a cyclops
  9856 | D:10     | Found a staircase to the Lair.
 10319 | D:11     | Reached XP level 11. HP: 92/92 MP: 11/11
 10345 | D:11     | Reached skill level 11 in Fighting
 10646 | D:12     | Noticed a green ugly thing
 10648 | D:12     | Noticed a tengu warrior
 10650 | D:12     | Noticed a green ugly thing
 10655 | D:12     | Killed a cyan ugly thing
 10659 | D:12     | Killed a green ugly thing
 10674 | D:12     | Noticed a hill giant
 10689 | D:12     | Killed a hill giant
 10771 | D:12     | Killed a tengu warrior
 10839 | D:12     | HP: 3/95 [centaur/arrow (6)]
 11040 | D:12     | Received a gift from Trog
 11229 | D:12     | Gained mutation: Your flesh is cold resistant. (rC+) [potion of mutation]
 11229 | D:12     | Gained mutation: You evolve. [potion of mutation]
 12161 | Orc:1    | Entered Level 1 of the Orcish Mines
 12168 | Orc:1    | Noticed an orc warlord
 12175 | Orc:1    | Reached skill level 12 in Fighting
 12189 | Orc:1    | Demolished by an orc warrior

Vault maps used:
D:1:      sevenhm_arrival_forest_fort_large_2
D:2:      marbit_many_paths, first_bread, ecumenical_altar_1
D:3:      lemuel_crystal_altar, gammafunk_temple_overflow_elements
D:4:      nicolae_dithmenos_the_darkroom, lemuel_coloured_pillars_altar,
          kennysheep_mini, nemelex_dance_club_becter, uniq_sigmund
D:5:      amethyst_killhole, kennysheep_small_square, uniq_crazy_yiuf_cottage
D:6:      old_standard_altar, minivault_1, grunt_ministairs_4,
          grunt_decor_one_mirror, hex_tiny, nrook_loot_triangle
D:7:      lemuel_round_altar, enter_bailey_2, serial_shops, shop_coins,
          uniq_menkaure
D:8:      eat_drink_and_be_merry_uskayaw, basic_altar, the_bakery,
          minmay_misc_feat_iff
D:9:      minmay_distorted_concentric_squares, lemuel_round_altar, erik_orc_1
D:10:     grunt_lair_entry_orc_guard_hut
D:13:     erik_vaults_1
Orc:1:    nicolae_orc_accident_2
Bailey:   bailey_axe_3, bailey

Skill      XL: |  1  2  3  4  5  6  7  8  9 10 11 |
---------------+----------------------------------+-----
Axes           | 3 4 5 6 8 9 10 11 | 11.5
Fighting       | 4 5 8 9 10 12 | 12.0
Dodging        | 2 3 4 |  4.1
Armour         | 3 5 7 |  7.8

Action                   |  1- 3 |  4- 6 |  7- 9 | 10-12 || total
-------------------------+-------+-------+-------+-------++-------
Melee: Hand axe          |   111 |   188 |   463 |   150 ||   912
       Battleaxe         |       |       |       |   310 ||   310
Throw: Tomahawk          |       |       |     9 |     1 ||    10
Invok: Berserk           |     1 |     1 |     8 |     6 ||    16
       Trog's Hand       |       |     1 |     1 |     2 ||     4
       Burn Spellbooks   |       |       |     2 |     3 ||     5
       Brothers in Arms  |       |       |       |     1 ||     1
Evoke: Wand              |       |       |       |     9 ||     9
  Use: Scroll            |     8 |       |    11 |    10 ||    29
       Potion            |     2 |       |       |     4 ||     6
 Stab: Distracted        |       |       |     2 |       ||     2
  Eat: Chunk             |     3 |     4 |    15 |    11 ||    33
       Fruit             |       |     2 |     3 |     4 ||     9
       Beef jerky        |       |     1 |     2 |     1 ||     4
       Royal jelly       |       |       |     1 |       ||     1
       Pizza             |       |       |       |     4 ||     4
Armor: Animal skin       |     7 |       |       |       ||     7
       Ring mail         |    34 |    83 |    43 |   220 ||   380
       Chain mail        |       |       |   163 |       ||   163
Dodge: Dodged            |    77 |   121 |   251 |   425 ||   874
